Construct Section Command Post
Selects Air and Sea Battlegroup
Construct Platoon Command Post
Construct Company Command Post
Selects Commando Section Paradrop
Unlock M3 Grant Medium Tanks
Selects Centaur Medium Tank
Selects Naval Bombardment
Selects Commando Support Section Paradrop
Selects Anti-tank Rocket Loiter
Commando Support Section Paradrop
Unlock Towed 17-pounder Anti-tank Guns
Commando Support Section Paradrop
Commando Support Section Paradrop
17-pounder Anti-tank Gun Team